 Dungeon Crawl Stone Soup version 0.29.0-4-gdea44cf6ec (webtiles) character file.

Game seed: 8119135318350857203

336 qw the Chopper (level 6, -1/36 HPs)
             Began as a Tengu Warper on Aug 28, 2022.
             Slain by a yak (13 damage)
             ... on level 5 of the Dungeon.
             The game lasted 00:00:38 (4269 turns).

qw the Chopper (Tengu Warper)                       Turns: 4269, Time: 00:00:38

Health: -1/36      AC:  6    Str: 13    XL:     6   Next: 54%
Magic:  10/10      EV: 13    Int: 14    God:
Gold:   192        SH:  0    Dex: 13    Spells: 9/9 levels left

rFire   . . .      SeeInvis .   Y - +1 hand axe
rCold   . . .      Faith    .   (no shield)
rNeg    . . .      Spirit   .   m - +0 ring mail
rPois   .          Reflect  .   (helmet restricted)
rElec   .          Harm     .   (no cloak)
rCorr   .          Rampage  .   g - +0 pair of gloves
Will    .....                   (boots unavailable)
Stlth   +.........              (no amulet)
HPRegen 0.12/turn               (no ring)
MPRegen 0.12/turn               (no ring)

@: flying quickly and evasively, quick
A: beak, talons 3, nimble flight
a: no special abilities


You were on level 5 of the Dungeon.
You visited 1 branch of the dungeon, and saw 5 of its levels.

You collected 192 gold pieces.


Innate Abilities, Weirdness & Mutations

You have a beak for a mouth.
You have claws for feet.
Your magical nature lets you fly swiftly and evasively.


   Skills:
 + Level 2.8 Fighting
 - Level 7.0 Axes
 - Level 1.0 Throwing
 - Level 1.1 Armour
 - Level 2.1 Dodging
 - Level 2.0 Spellcasting
 - Level 2.4 Translocations


You had 9 spell levels left.
You didn't know any spells.
Your spell library contained the following spells:

 Spells                   Type           Power      Damage    Failure   Level
 Blink                    Tloc           16%        N/A       28%         2
 Gell's Gravitas          Tloc           8%         N/A       50%         3
 Lesser Beckoning         Tloc           8%         N/A       50%         3
 Teleport Other           Tloc           8%         N/A       50%         3
 Manifold Assault         Tloc           8%         N/A       99%         5

Inventory:

Hand Weapons
 j - a +0 whip
 Y - a +1 hand axe (weapon)
Armour
 g - a +0 pair of gloves (worn)
 m - a +0 ring mail (worn)
Scrolls
 a - a scroll of magic mapping {unknown}
 c - a scroll of identify
 d - a scroll of teleportation
Potions
 b - a potion of mutation
 e - 2 potions of heal wounds
 f - a potion of curing
 l - a potion of haste

Dungeon Overview and Level Annotations

Branches:
Dungeon (5/15)
 Temple: D:4-7

Altars:
Sif Muna
Xom
Zin
The Shining One

Annotations:
D:4 3 runed translucent doors, qw's ghost, amateur TeWr


Message History

A yak comes into view.
The yak barely misses you.
You hit the yak. You claw the yak.
The yak is heavily wounded.
The yak gores you but does no damage.
You hit the yak but do no damage. You claw the yak. You peck the yak.
The yak is severely wounded.
A yak comes into view.
The yak gores you!
You barely miss the yak.
The yak is severely wounded.
The yak bellows!
A yak comes into view.
The yak gores you.
You closely miss the yak.
The yak bellows!
You claw the yak, but do no damage.
The yak is severely wounded.
You hit the yak but do no damage. The yak barely misses you.
The yak gores you but does no damage.
A yak comes into view.
The yak bellows!
You hit the yak. Your peck misses the yak.
The yak is severely wounded.
You hit the yak. The yak gores you but does no damage. The yak gores you.
You hit the yak. You claw the yak.
The yak is almost dead.
You hit the yak. The yak gores you!
You hit the yak. You claw the yak, but do no damage.
The yak is almost dead.
You hit the yak. x2
The yak closely misses you. The yak gores you but does no damage.
A necrophage comes into view.
You barely miss the yak. Your peck misses the yak.
The yak is almost dead.
You closely miss the yak. You barely miss the yak. The yak gores you!
You die...

. . ## .# n# ..##.. #.
.# ...###. #Y# .....
###Y.## #.#.###
......##.
#.#...####.......?
##.#.#....#YY...#
#....####.Y@Y...##
##...## ###........
##..### #......#.
####.)##########.....##
.......................
.....#....###..<.#######
....##....%...#### ....
#....##### .... #....#


You could see 6 yaks and a necrophage.

Vanquished Creatures
  4 crimson imps (D:4)
  3 iguanas
  An orc wizard (D:4)
  2 adders
  An ufetubus (D:3)
  A worm (D:5)
  2 dart slugs
  6 orcs
  8 ball pythons
  4 bats
  2 endoplasms
  3 giant cockroaches
  6 goblins
  A hobgoblin (D:3)
  2 jackals (D:5)
  10 kobolds
  4 quokkas
  5 frilled lizards
  6 rats
71 creatures vanquished.

Vanquished Creatures (others)
  6 plants (D:3)
6 creatures vanquished.

Grand Total: 77 creatures vanquished

Notes
Turn   | Place    | Note
-------+----------+-------------------------------------------
     0 | D:1      | qw the Tengu Warper began the quest for the Orb.
     0 | D:1      | Reached XP level 1. HP: 12/12 MP: 4/4
     0 | D:1      | 0 ||| qw: Version: 0.1-a-89-g26bdef1
     0 | D:1      | 0 ||| qw: Game counter: 3176
     0 | D:1      | 0 ||| qw: Always use a shield: true
     0 | D:1      | 0 ||| qw: God list: Okawaru
     0 | D:1      | 0 ||| qw: Allow faded altars: false
     0 | D:1      | 0 ||| qw: Do Orc after D:15 true
     0 | D:1      | 0 ||| qw: Do second Lair branch before Depths: true
     0 | D:1      | 0 ||| qw: Lair rune preference: random
     0 | D:1      | 0 ||| qw: Plans: Normal
     0 | D:1      | 0 ||| PLANNING D:1-11
    33 | D:1      | 33 ||| Stepping ~*~*~tactically~*~*~ (stealth).
    40 | D:1      | 40 ||| Stepping ~*~*~tactically~*~*~ (stealth).
    43 | D:1      | 43 ||| Stepping ~*~*~tactically~*~*~ (stealth).
    45 | D:1      | 45 ||| Stepping ~*~*~tactically~*~*~ (hiding).
    53 | D:1      | Reached skill level 3 in Axes
    53 | D:1      | Reached XP level 2. HP: 17/17 MP: 6/6
    61 | D:1      | 61 ||| Stepping ~*~*~tactically~*~*~ (stealth).
    78 | D:1      | Found a faded altar of an unknown god.
   686 | D:1      | Reached XP level 3. HP: 21/21 MP: 7/7
   855 | D:1      | 855 ||| UPGRADING to +0 pair of gloves.
   860 | D:1      | 860 ||| DROPPING ring of flight.
   861 | D:1      | 861 ||| READING scroll labelled XOR BAPNYHOTAS.
   862 | D:1      | 862 ||| READING scroll labelled EMUGRA ERAYLL.
   863 | D:1      | 863 ||| READING scroll labelled ESARO ROESETO.
   864 | D:1      | 864 ||| DRINKING 2 coppery potions.
   865 | D:1      | 865 ||| DROPPING scroll of blinking.
   891 | D:2      | 891 ||| STAIRDANCE
  1129 | D:2      | Identified the +7 short sword of the Bedazzling Gods
                  | {drain, rF+ Will+ Stlth-}
  1253 | D:2      | Reached skill level 4 in Axes
  1377 | D:2      | 1377 ||| Stepping ~*~*~tactically~*~*~ (stealth).
  1475 | D:2      | 1475 ||| DROPPING +0 club.
  1784 | D:2      | 1784 ||| READING scroll labelled EHAUS URI.
  1785 | D:2      | 1785 ||| READING 3 scrolls labelled IRASKA NEFIR.
  1786 | D:2      | 1786 ||| READING 2 scrolls labelled CYUTU XEYVI.
  1790 | D:2      | 1790 ||| READING scroll labelled YNKUXI TICKIMA.
  1791 | D:2      | 1791 ||| READING 2 scrolls of identify.
  1791 | D:2      | 1791 ||| IDENTIFYING pink potion
  1828 | D:3      | 1828 ||| STAIRDANCE
  1909 | D:3      | 1909 ||| Stepping ~*~*~tactically~*~*~ (stealth).
  1914 | D:3      | Reached XP level 4. HP: 22/25 MP: 8/8
  1991 | D:3      | 1991 ||| Stepping ~*~*~tactically~*~*~ (stealth).
  2130 | D:3      | Found a glowing silver altar of Zin.
  2142 | D:3      | Reached skill level 5 in Axes
  2308 | D:3      | 2308 ||| Stepping ~*~*~tactically~*~*~ (stealth).
  2459 | D:3      | Found a glowing golden altar of the Shining One.
  2871 | D:3      | 2871 ||| UPGRADING to +0 ring mail.
  2881 | D:3      | 2881 ||| DROPPING +0 leather armour.
  2882 | D:3      | 2882 ||| DROPPING amulet of magic regeneration.
  2883 | D:3      | 2883 ||| READING scroll labelled GEHELOVIEH.
  2884 | D:3      | 2884 ||| READING scroll labelled CUMUM LINT.
  2885 | D:3      | 2885 ||| DRINKING 2 metallic blue potions.
  2886 | D:3      | 2886 ||| READING 3 scrolls of identify.
  2886 | D:3      | 2886 ||| IDENTIFYING smoky red potion
  2887 | D:3      | 2887 ||| DROPPING potion of lignification.
  2911 | D:4      | Found a shimmering blue altar of Sif Muna.
  2915 | D:4      | 2915 ||| Stepping ~*~*~tactically~*~*~ (stealth).
  2916 | D:4      | 2916 ||| Stepping ~*~*~tactically~*~*~ (stealth).
  2918 | D:4      | 2918 ||| Stepping ~*~*~tactically~*~*~ (stealth).
  2919 | D:4      | 2919 ||| Stepping ~*~*~tactically~*~*~ (stealth).
  2926 | D:4      | 2926 ||| Stepping ~*~*~tactically~*~*~ (stealth).
  2939 | D:4      | Gained mutation: Your magical nature lets you fly swiftly
                  | and evasively. [Tengu growth]
  2939 | D:4      | Reached XP level 5. HP: 14/30 MP: 9/9
  3158 | D:4      | Found a runed translucent gate.
  3158 | D:4      | Found a runed translucent gate.
  3159 | D:4      | Found a runed translucent gate.
  3184 | D:4      | Found a shimmering altar of Xom.
  3199 | D:4      | Reached skill level 6 in Axes
  3305 | D:4      | 3305 ||| Stepping ~*~*~tactically~*~*~ (hiding).
  3326 | D:4      | 3326 ||| FLEEEEING.
  3334 | D:4      | Reached XP level 6. HP: 25/35 MP: 10/10
  3401 | D:4      | 3401 ||| Stepping ~*~*~tactically~*~*~ (stealth).
  3402 | D:4      | 3402 ||| Stepping ~*~*~tactically~*~*~ (stealth).
  3403 | D:4      | 3403 ||| Stepping ~*~*~tactically~*~*~ (stealth).
  3406 | D:4      | 3406 ||| Stepping ~*~*~tactically~*~*~ (stealth).
  3407 | D:4      | 3407 ||| Stepping ~*~*~tactically~*~*~ (stealth).
  3408 | D:4      | 3408 ||| Stepping ~*~*~tactically~*~*~ (stealth).
  3419 | D:4      | 3419 ||| Stepping ~*~*~tactically~*~*~ (stealth).
  3420 | D:4      | 3420 ||| Stepping ~*~*~tactically~*~*~ (stealth).
  3483 | D:4      | Reached skill level 7 in Axes
  3712 | D:4      | 3712 ||| READING scroll labelled DIODWA COSHI.
  3738 | D:4      | 3738 ||| READING 3 scrolls of identify.
  3738 | D:4      | 3738 ||| IDENTIFYING bubbling sapphire potion
  3739 | D:4      | 3739 ||| READING scroll of teleportation.
  3812 | D:4      | 3812 ||| Stepping randomly (stuck).
  3813 | D:4      | 3813 ||| Stepping randomly (stuck).
  3814 | D:4      | 3814 ||| Stepping randomly (stuck).
  3815 | D:4      | 3815 ||| Stepping randomly (stuck).
  3816 | D:4      | 3816 ||| Stepping randomly (stuck).
  3817 | D:4      | 3817 ||| Stepping randomly (stuck).
  3819 | D:4      | 3819 ||| DRINKING 2 potions of curing.
  3819 | D:4      | 3819 ||| (to cure confusion)
  3998 | D:4      | Noticed an ice beast
  3998 | D:4      | Noticed qw's ghost (amateur TeWr)
  4148 | D:4      | 4148 ||| READING 2 scrolls of identify.
  4148 | D:4      | 4148 ||| IDENTIFYING yellow potion
  4149 | D:4      | 4149 ||| DROPPING potion of attraction.
  4168 | D:5      | Entered Level 5 of the Dungeon
  4187 | D:5      | 4187 ||| Stepping ~*~*~tactically~*~*~ (stealth).
  4190 | D:5      | 4190 ||| Stepping ~*~*~tactically~*~*~ (stealth).
  4191 | D:5      | 4191 ||| Stepping ~*~*~tactically~*~*~ (stealth).
  4204 | D:5      | 4204 ||| Stepping ~*~*~tactically~*~*~ (stealth).
  4254 | D:5      | Noticed a yak
  4258 | D:5      | Noticed a yak
  4261 | D:5      | Noticed a yak
  4263 | D:5      | Noticed a yak
  4264 | D:5      | Noticed a yak
  4265 | D:5      | Noticed a yak
  4269 | D:5      | Slain by a yak

Levels and vault maps discovered:
D:1:      amcnicky_arrival_feature_with_door, layout_basic,
          ebering_ecumenical_altar_hall, interstate_on_off
D:2:      layout_loops_corners
D:3:      layout_loops_ring, zin_academy, nicolae_tso_swordbearing_angel,
          serial_bayou_pond_a
D:4:      layout_cave_pools, amcnicky_altar_gilded, led_xom_imps,
          gammafunk_ghost_icy, lemuel_old_faithful
D:5:      cheibrodos_barr_body, layout_rooms, nicolae_vehumet_altar_sigil,
          uniq_sigmund, uniq_edmund, uniq_duvessa, uniq_blork_the_orc

Skill      XL: |  1  2  3  4  5  6 |
---------------+-------------------+-----
Axes           | 3 4 5 6 7 |  7.0
Fighting       | |  2.8
Throwing       | |  1.0
Armour         | |  1.1
Dodging        | |  2.1
Spellcasting   | |  2.0
Translocations | |  2.4

Action                   |  1- 3 |  4- 6 || total
-------------------------+-------+-------++-------
Melee: Hand axe          |    84 |   124 ||   208
       Kick              |    17 |    31 ||    48
       Peck              |    16 |    16 ||    32
       Punch             |     1 |       ||     1
Throw: Boomerang         |     7 |       ||     7
  Use: Scroll            |     8 |     7 ||    15
       Potion            |     1 |     2 ||     3
Armor: Leather armour    |    25 |     5 ||    30
       Ring mail         |       |    25 ||    25
Dodge: Dodged            |    53 |    56 ||   109

Table legend:
 A = Non-vault XP
 B = Vault XP
 C = Vault XP percentage of total XP
 D = Non-vault monster count
 E = Vault monster count
 F = Vault count percentage of total count
                 A         B        C        D         E       F
            +---------+---------+-------+---------+---------+-------
      Total |     289 |     192 |  39.9 |      67 |       4 |   5.6
            +---------+---------+-------+---------+---------+-------
        D:1 |      39 |       0 |   0.0 |      24 |       0 |   0.0
        D:2 |      39 |       0 |   0.0 |      15 |       0 |   0.0
        D:3 |      79 |       0 |   0.0 |      16 |       0 |   0.0
        D:4 |     120 |     192 |  61.5 |       8 |       4 |  33.3
        D:5 |      12 |       0 |   0.0 |       4 |       0 |   0.0
            +---------+---------+-------+---------+---------+-------
